BSA
HOUSTON MARSHALS @ JERSEY SHORE D-BAGS
08/29/2026
 
TOP OF THE 1ST
Toronto Titans batting - Pitching for Jersey Shore D-Bags : RHP José Ramos
Pitching: RHP José Ramos
Batting: SHB Ramón Lugo 0-0: Swinging Strike
0-1: Ball
1-1: Foul Ball, location: 2F
1-2: Ball
2-2: Foul Ball, location: 2F
2-2: Ground out U3 (Groundball, 3)
Batting: LHB Lewis Barr 0-0: Fly out, F6 (Popup, 56D)
Batting: LHB Kent MacDulothe 0-0: Ball
1-0: Ball
2-0: Called Strike
2-1: Ball
3-1: Swinging Strike
3-2: Foul Ball, location: 2F
3-2: Foul Ball, location: 2F
3-2: Ground out 4-3 (Groundball, 4)
Top of the 1st over - 0 run(s), 0 hit(s), 0 error(s), 0 left on base; Toronto 0 - Jersey Shore 0
BOTTOM OF THE 1ST
Jersey Shore D-Bags batting - Pitching for Toronto Titans : RHP Ralph Willaims
Pitching: RHP Ralph Willaims
Batting: RHB Ricardo González 0-0: Swinging Strike
0-1: Foul Ball, location: 2F
0-2: Foul Ball, location: 2F
0-2: Foul Ball, location: 2F
0-2: Ball
1-2: SINGLE (Line Drive, 4M)
Batting: RHB Millard Boyd 0-0: Called Strike
0-1: Ball
Wild Pitch!
Ricardo González to second
1-1: Ball
2-1: 2-RUN HOME RUN (Flyball, 7D), Distance : 388 ft
Batting: LHB Dave Dodd 0-0: Ball
1-0: Ball
2-0: Called Strike
2-1: Fly out, F8 (Flyball, 78XD)
Batting: RHB Matt Doyle 0-0: Called Strike
0-1: Called Strike
0-2: Ball
1-2: Foul Ball, location: 2F
1-2: SINGLE (Line Drive, 9LS)
Batting: LHB Robert Phillips 0-0: Ball
1-0: Ball
Wild Pitch!
Matt Doyle to second
2-0: Foul Ball, location: 2F
2-1: Foul Ball, location: 2F
2-2: Foul Ball, location: 2F
2-2: Ground out 4-3 (Groundball, 34)
Matt Doyle to third
Batting: RHB Miguel Serna 0-0: Called Strike
0-1: Ball
1-1: Ground out 4-3 (Groundball, 4M)
Bottom of the 1st over - 2 run(s), 3 hit(s), 0 error(s), 1 left on base; Toronto 0 - Jersey Shore 2
TOP OF THE 2ND
Toronto Titans batting - Pitching for Jersey Shore D-Bags : RHP José Ramos
Batting: LHB Roberto García 0-0: Ball
1-0: Ball
2-0: Called Strike
2-1: Fly out, F8 (Flyball, 8LD)
Batting: SHB Álex Rosado 0-0: Called Strike
0-1: Ground out U3 (Groundball, 3)
Batting: SHB Juan Gómez 0-0: Foul Ball, location: 2F
0-1: Ball
1-1: Ball
2-1: Foul Ball, location: 2F
2-2: Foul Ball, location: 2F
2-2: Fly out, F7 (Flyball, 78S)
Top of the 2nd over - 0 run(s), 0 hit(s), 0 error(s), 0 left on base; Toronto 0 - Jersey Shore 2
BOTTOM OF THE 2ND
Jersey Shore D-Bags batting - Pitching for Toronto Titans : RHP Ralph Willaims
Batting: LHB Dave Watt 0-0: Foul Ball, location: 2F
0-1: Ball
1-1: Ball
2-1: Ball
3-1: Base on Balls
Batting: RHB Luis Ríos 0-0: Ball
1-0: Foul Ball, location: 2F
1-1: Ball
2-1: Foul Ball, location: 2F
2-2: Fielders Choice at 2nd, 1-6 (Groundball, 13S)
Batting: RHB Cy Keynes 0-0: Ball
1-0: Called Strike
Luis Ríos is caught stealing 2nd base
1-1: SINGLE (Groundball, 3D)
Batting: RHB Ricardo González 0-0: Ball
1-0: Foul Ball, location: 2F
1-1: Ball
2-1: Foul Ball, location: 2F
2-2: Ball
3-2: SINGLE (Groundball, 4D)
Cy Keynes to second
Cy Keynes to third
Batting: RHB Millard Boyd 0-0: Foul Ball, location: 2F
0-1: Ball
1-1: Ball
2-1: Ball
3-1: Foul Ball, location: 2F
3-2: Fly out, F9 (Flyball, 89D)
Bottom of the 2nd over - 0 run(s), 2 hit(s), 0 error(s), 2 left on base; Toronto 0 - Jersey Shore 2
TOP OF THE 3RD
Toronto Titans batting - Pitching for Jersey Shore D-Bags : RHP José Ramos
Batting: RHB Chris Parker 0-0: Ground out 6-3 (Groundball, 6)
Batting: LHB Matt Smith 0-0: Ball
1-0: Called Strike
1-1: Swinging Strike
1-2: Ball
2-2: Ground out 4-3 (Groundball, 4)
Batting: RHB Jim Tracy 0-0: Foul Ball, location: 2F
0-1: Ground out 6-3 (Groundball, 6M)
Top of the 3rd over - 0 run(s), 0 hit(s), 0 error(s), 0 left on base; Toronto 0 - Jersey Shore 2
BOTTOM OF THE 3RD
Jersey Shore D-Bags batting - Pitching for Toronto Titans : RHP Ralph Willaims
Batting: LHB Dave Dodd 0-0: Called Strike
0-1: Ball
1-1: Foul Ball, location: 2F
1-2: Ball
2-2: Ball
3-2: Foul Ball, location: 2F
3-2: Foul Ball, location: 2F
3-2: SINGLE (Groundball, 6MD)
Batting: RHB Matt Doyle 0-0: Called Strike
0-1: Ball
1-1: Swinging Strike
1-2: Ball
2-2: Strikes out swinging
Batting: LHB Robert Phillips 0-0: SINGLE (Line Drive, 9S)
Dave Dodd to second
Batting: RHB Miguel Serna 0-0: Ball
1-0: Fly out, F8 (Flyball, 8LXD)
Runner from 2nd tags up, SAFE at 3rd, no throw
Batting: LHB Dave Watt 0-0: Ball
1-0: Ball
2-0: Ball
3-0: Base on Balls
Robert Phillips to second
Batting: RHB Luis Ríos 0-0: Foul Ball, location: 2F
0-1: Ball
1-1: Ball
2-1: Fly out, F9 (Flyball, 89XD)
Bottom of the 3rd over - 0 run(s), 2 hit(s), 0 error(s), 3 left on base; Toronto 0 - Jersey Shore 2
TOP OF THE 4TH
Toronto Titans batting - Pitching for Jersey Shore D-Bags : RHP José Ramos
Batting: SHB Ramón Lugo 0-0: Ball
1-0: Foul Ball, location: 2F
1-1: Ball
2-1: Ball
3-1: Foul Ball, location: 2F
3-2: Ground out 6-3 (Groundball, 6M)
Batting: LHB Lewis Barr 0-0: Called Strike
0-1: Ball
1-1: Ball
2-1: Called Strike
2-2: Foul Ball, location: 2F
2-2: Strikes out looking
Batting: LHB Kent MacDulothe 0-0: Called Strike
0-1: Ball
1-1: Called Strike
1-2: Ball
2-2: Ball
3-2: Fly out, F8 (Flyball, 8LS)
Top of the 4th over - 0 run(s), 0 hit(s), 0 error(s), 0 left on base; Toronto 0 - Jersey Shore 2
BOTTOM OF THE 4TH
Jersey Shore D-Bags batting - Pitching for Toronto Titans : RHP Ralph Willaims
Batting: RHB Cy Keynes 0-0: Ball
1-0: Fly out, F9 (Flyball, 9D)
Batting: RHB Ricardo González 0-0: Foul Ball, location: 2F
0-1: Fly out, F1 (Line Drive, 13)
Batting: RHB Millard Boyd 0-0: Fly out, F8 (Flyball, 8RD)
Bottom of the 4th over - 0 run(s), 0 hit(s), 0 error(s), 0 left on base; Toronto 0 - Jersey Shore 2
TOP OF THE 5TH
Toronto Titans batting - Pitching for Jersey Shore D-Bags : RHP José Ramos
Batting: LHB Roberto García 0-0: Swinging Strike
0-1: Ground out 6-3 (Groundball, 4M)
Batting: SHB Álex Rosado 0-0: Fly out, F9 (Flyball, 9D)
Batting: SHB Juan Gómez 0-0: Foul Ball, location: 2F
0-1: Foul Ball, location: 2F
0-2: Strikes out swinging
Top of the 5th over - 0 run(s), 0 hit(s), 0 error(s), 0 left on base; Toronto 0 - Jersey Shore 2
BOTTOM OF THE 5TH
Jersey Shore D-Bags batting - Pitching for Toronto Titans : RHP Ralph Willaims
Batting: LHB Dave Dodd 0-0: Foul Ball, location: 2F
0-1: Foul Ball, location: 2F
0-2: SOLO HOME RUN (Flyball, 9D), Distance : 357 ft
Batting: RHB Matt Doyle 0-0: Foul Ball, location: 2F
0-1: Foul Ball, location: 2F
0-2: Fly out, F2 (Popup, 2LF)
Batting: LHB Robert Phillips 0-0: Swinging Strike
0-1: Ball
1-1: Ball
2-1: Called Strike
2-2: Ball
3-2: SOLO HOME RUN (Flyball, 9D), Distance : 366 ft
Batting: RHB Miguel Serna 0-0: Foul Ball, location: 2F
0-1: Ball
1-1: Swinging Strike
1-2: Fly out, F9 (Flyball, 9D)
Batting: LHB Dave Watt 0-0: Ball
1-0: TRIPLE (Flyball, 8RXD)
Batting: RHB Luis Ríos 0-0: Called Strike
0-1: Ball
1-1: Ball
2-1: SINGLE (Line Drive, 78S)
Dave Watt scores
Batting: RHB Cy Keynes 0-0: Called Strike
0-1: Ball
1-1: Called Strike
1-2: Foul Ball, location: 2F
1-2: 2-RUN HOME RUN (Line Drive, 7D), Distance : 387 ft
Batting: RHB Ricardo González 0-0: Called Strike
0-1: Ball
1-1: Ball
2-1: Ball
3-1: Foul Ball, location: 2F
3-2: Ground out 6-3 (Groundball, 6M)
Bottom of the 5th over - 5 run(s), 5 hit(s), 0 error(s), 0 left on base; Toronto 0 - Jersey Shore 7
TOP OF THE 6TH
Toronto Titans batting - Pitching for Jersey Shore D-Bags : RHP José Ramos
Batting: RHB Chris Parker 0-0: Called Strike
0-1: Ball
1-1: SINGLE (Groundball, 6MD)
Batting: LHB Matt Smith 0-0: Fly out, F8 (Line Drive, 8LD)
Batting: RHB Jim Tracy 0-0: Ball
1-0: Called Strike
1-1: Foul Ball, location: 2F
1-2: SINGLE (Line Drive, 89M)
Chris Parker to second
Batting: SHB Ramón Lugo 0-0: Ball
1-0: Ball
2-0: Grounds into double play, 1-4-3 (Groundball, 15)
Top of the 6th over - 0 run(s), 2 hit(s), 0 error(s), 1 left on base; Toronto 0 - Jersey Shore 7
BOTTOM OF THE 6TH
Jersey Shore D-Bags batting - Pitching for Toronto Titans : RHP Ralph Willaims
Pitching: RHP Dae-hee Ch'oe
Batting: RHB Millard Boyd 0-0: Fly out, F8 (Flyball, 8LXD)
Batting: LHB Dave Dodd 0-0: Ball
1-0: Foul Ball, location: 2F
1-1: Ball
2-1: Ground out 1-3 (Groundball, 13)
Batting: RHB Matt Doyle 0-0: Called Strike
0-1: SOLO HOME RUN (Flyball, 78XD), Distance : 392 ft
Batting: LHB Robert Phillips 0-0: Ball
1-0: Ball
2-0: Foul Ball, location: 2F
2-1: Called Strike
2-2: Strikes out swinging
Bottom of the 6th over - 1 run(s), 1 hit(s), 0 error(s), 0 left on base; Toronto 0 - Jersey Shore 8
TOP OF THE 7TH
Toronto Titans batting - Pitching for Jersey Shore D-Bags : RHP José Ramos
Batting: LHB Lewis Barr 0-0: Called Strike
0-1: Ball
1-1: Swinging Strike
1-2: Ground out 4-3 (Groundball, 4)
Batting: LHB Kent MacDulothe 0-0: DOUBLE (Line Drive, 89D)
Batting: LHB Roberto García 0-0: Ball
1-0: Ball
2-0: Ball
3-0: Called Strike
3-1: Called Strike
3-2: Foul Ball, location: 2F
3-2: Foul Ball, location: 2F
3-2: Foul Ball, location: 2F
3-2: Base on Balls
Batting: SHB Álex Rosado 0-0: Called Strike
0-1: Ball
1-1: Ball
2-1: Called Strike
2-2: Ball
3-2: Base on Balls
Kent MacDulothe to third
Roberto García to second
Batting: SHB Juan Gómez 0-0: Grounds into double play, 4-6-3 (Groundball, 4)
Top of the 7th over - 0 run(s), 1 hit(s), 0 error(s), 2 left on base; Toronto 0 - Jersey Shore 8
BOTTOM OF THE 7TH
Jersey Shore D-Bags batting - Pitching for Toronto Titans : RHP Dae-hee Ch'oe
Batting: RHB Miguel Serna 0-0: Ball
1-0: Called Strike
1-1: Ball
2-1: Foul Ball, location: 2F
2-2: Foul Ball, location: 2F
2-2: Foul Ball, location: 2F
2-2: Ball
3-2: Foul Ball, location: 2F
3-2: Strikes out swinging
Batting: LHB Dave Watt 0-0: Called Strike
0-1: SOLO HOME RUN (Line Drive, 89XD), Distance : 426 ft
Batting: RHB Luis Ríos 0-0: Called Strike
0-1: DOUBLE (Line Drive, 78XD)
Batting: RHB Cy Keynes 0-0: Foul Ball, location: 2F
0-1: Hit by Pitch
Batting: RHB Ricardo González 0-0: Ball
1-0: Ball
2-0: Ball
3-0: Called Strike
3-1: Foul Ball, location: 2F
3-2: Base on Balls
Luis Ríos to third
Cy Keynes to second
Batting: RHB Millard Boyd 0-0: Ball
1-0: Called Strike
1-1: SINGLE (Groundball, 5D)
Luis Ríos scores
Cy Keynes to third
Ricardo González to second
Runner from 3rd tries for Home, SAFE, throw made home
Ricardo González to third
Millard Boyd to second
Pitching: RHP Víctor López
Batting: LHB Dave Dodd 0-0: Called Strike
0-1: Called Strike
0-2: Ground out 3-1 (Groundball, 34)
Ricardo González scores
Millard Boyd to third
Batting: RHB Matt Doyle 0-0: Fly out, F9 (Flyball, 9M)
Bottom of the 7th over - 4 run(s), 3 hit(s), 0 error(s), 1 left on base; Toronto 0 - Jersey Shore 12
TOP OF THE 8TH
Toronto Titans batting - Pitching for Jersey Shore D-Bags : RHP José Ramos
Batting: RHB Chris Parker 0-0: Ball
1-0: Ball
2-0: Called Strike
2-1: Ground out 4-3 (Groundball, 4)
Batting: LHB Matt Smith 0-0: Ground out 6-3 (Groundball, 6)
Batting: RHB Jim Tracy 0-0: Ball
1-0: Called Strike
1-1: Swinging Strike
1-2: Strikes out swinging
Top of the 8th over - 0 run(s), 0 hit(s), 0 error(s), 0 left on base; Toronto 0 - Jersey Shore 12
BOTTOM OF THE 8TH
Jersey Shore D-Bags batting - Pitching for Toronto Titans : RHP Víctor López
Batting: LHB Robert Phillips 0-0: Called Strike
0-1: Ground out 4-3 (Groundball, 4)
Batting: RHB Miguel Serna 0-0: Called Strike
0-1: Called Strike
0-2: Ground out 4-3 (Groundball, 4)
Batting: LHB Dave Watt 0-0: Called Strike
0-1: Fly out, F9 (Flyball, 89M)
Bottom of the 8th over - 0 run(s), 0 hit(s), 0 error(s), 0 left on base; Toronto 0 - Jersey Shore 12
TOP OF THE 9TH
Toronto Titans batting - Pitching for Jersey Shore D-Bags : RHP José Ramos
Batting: SHB Ramón Lugo 0-0: Ball
1-0: Ball
2-0: Foul Ball, location: 2F
2-1: DOUBLE (Line Drive, 8LM)
Batting: LHB Lewis Barr 0-0: Ball
1-0: Ground out 6-3 (Groundball, 6)
Batting: LHB Kent MacDulothe 0-0: Ball
1-0: Foul Ball, location: 2F
1-1: Foul Ball, location: 2F
1-2: Ball
2-2: Strikes out swinging
Batting: LHB Roberto García 0-0: Ball
1-0: SINGLE (Line Drive, 56)
Ramón Lugo to third
Runner from 3rd tries for Home, SAFE, no throw or cutoff
Batting: SHB Álex Rosado 0-0: Foul Ball, location: 2F
0-1: TRIPLE (Flyball, 9LD)
Roberto García scores
Pinch Runner at 3rd Pedro Rosado:
Batting: SHB Juan Gómez 0-0: Ground out 4-3 (Groundball, 4)
Top of the 9th over - 2 run(s), 3 hit(s), 0 error(s), 1 left on base; Toronto 2 - Jersey Shore 12
Monday, December 5th, 2016 - OOTP Baseball 17.12 Build 75